 Dungeon Crawl Stone Soup version 0.29.1-13-g9f3cf754e1 (webtiles) character file.

Game seed: 10369505868271352861

84 javelincjr the Conjurer (level 4, 0/49 HPs)
             Began as a Draconian Conjurer on Feb 11, 2023.
             Succumbed to a kobold's poison
             ... on level 3 of the Dungeon.
             The game lasted 00:08:08 (2261 turns).

javelincjr the Conjurer (Draconian Conjurer)        Turns: 2261, Time: 00:08:08

Health: 0/49       AC: 22    Str: 12    XL:     4   Next: 23%
Magic:  6/7        EV:  2    Int: 18    God:
Gold:   96         SH:  0    Dex:  9    Spells: 4/8 levels left

rFire   . . .      SeeInvis .   e - +1 short sword (speed)
rCold   . . .      Faith    .   (no shield)
rNeg    . . .      Spirit   .   (body armour unavailable)
rPois   +          Reflect  .   (helmet currently unavailable)
rElec   .          Harm     .   (cloak currently unavailable)
rCorr   .          Rampage  .   (gloves currently unavailable)
Will    .....      NoTele   +   (boots currently unavailable)
Stlth   ++........              (no amulet)
HPRegen 0.16/turn               (no ring)
MPRegen 0.10/turn               (no ring)

@: lethally poisoned (0 -> -14), tree-form
A: stationary, stasis, torment immunity, boosted hp, AC +5, unfitting armour,
(cold-blooded)
a: no special abilities


You were on level 3 of the Dungeon.
You were a tree.
You visited 1 branch of the dungeon, and saw 3 of its levels.

You collected 96 gold pieces.

Inventory:

Hand Weapons
 c - a +0 dagger
 d - a +0 dagger of electrocution
 e - a +1 short sword of speed (weapon)
Missiles
 n - 2 javelins
Scrolls
 b - 2 scrolls of poison {unknown}
 f - a scroll of silence {unknown}
 j - a scroll of immolation {unknown}
 k - a scroll of identify {unknown}
 l - a scroll of vulnerability {unknown}
 m - a scroll of teleportation {unknown}
Potions
 i - a potion of haste {unknown}


   Skills:
 + Level 0.1 Short Blades
 + Level 2.1 Dodging
 + Level 2.1 Stealth
 + Level 2.5 Spellcasting
 + Level 5.1 Conjurations


You had 4 spell levels left.
You knew the following spells:

 Your Spells              Type           Power      Damage    Failure   Level
a - Magic Dart            Conj           80%        1d7       1%          1
b - Searing Ray           Conj           40%        2d5       3%          2
c - Foxfire               Conj/Fire      44%        2x1d6     6%          1

Your spell library contained the following spells:

 Spells                   Type           Power      Damage    Failure   Level
 Conjure Flame            Conj/Fire      11%        6-21      19%         3
 Dazzling Flash           Conj/Hex       22%        N/A       19%         3
 Inner Flame              Hex/Fire       2%         N/A       45%         3
 Flame Wave               Conj/Fire      11%        2d6       52%         4
 Fulminant Prism          Conj/Hex       5%         3d7       52%         4
 Iskenderun's Mystic Bla  Conj/Tloc      11%        2d4       52%         4


Dungeon Overview and Level Annotations

Branches:
Dungeon (3/15)

Altars:


Innate Abilities, Weirdness & Mutations

You are a tree.
Your roots penetrate the ground, keeping you stationary.
You cannot be teleported.
You are immune to unholy pain and torment.
Your maximum health is greatly increased.
Your equipment is partially melded.
((Your plain brown scales are hard. (AC +5)))
You cannot fit into any form of body armour.
((You are cold-blooded and may be slowed by cold attacks.))


Message History

You barely miss the adder.
The adder is severely wounded.
You feel sick. The adder bites you.
* * * LOW HITPOINT WARNING * * *
It was a potion of curing.
You feel better. The adder closely misses you.
The dart slug bites you but does no damage.
You are too injured to fight recklessly!
Casting: Foxfire (safe; 6% risk of failure)
Confirm with . or Enter, or press ? or * to list all spells.
You conjure some foxfire!
The adder barely misses you. The adder attacks as you move away!
The adder bites you but does no damage.
The foxfire hits the dart slug.
The dart slug is severely wounded.
The foxfire hits the dart slug.
You kill the dart slug!
The adder closely misses you. The adder attacks as you move away!
The adder completely misses you.
The kobold throws a poisoned dart.
The poisoned dart hits you!
You are poisoned.
Magic courses through your body.
You feel sick. The adder bites you.
You are lethally poisoned!
The adder poisons you!
The kobold throws a poisoned dart.
The poisoned dart hits you!
You are more poisoned.
Casting: Foxfire (safe; 6% risk of failure)
Confirm with . or Enter, or press ? or * to list all spells.
You conjure some foxfire!
* * * LOW HITPOINT WARNING * * *
You feel very sick. The adder closely misses you. The adder bites you.
* * * LOW HITPOINT WARNING * * *
* * * LOW HITPOINT WARNING * * *
You feel very sick.
The foxfire hits the adder.
The adder is almost dead.
The foxfire hits the orc.
The orc is almost dead.
It was a potion of lignification.
You turn into a tree.
Your roots penetrate the ground.
You die...

##...... #......
##.....# ......####
..####........####
.....).†...# .o..
...!...)#####..#
.......)......##
.##.##....o♣...# #
##..KS###.###. #
#...##.###.... .#
#...####..#... .(
#### ##.#.##..# ..#
#######...##.####..
...................
#########.#..#....
#.######.......#....


You could see an adder, 2 orcs and a kobold.

Vanquished Creatures
  3 adders (D:2)
  2 dart slugs
  2 orcs (D:3)
  2 endoplasms
  2 giant cockroaches
  6 hobgoblins
  A jackal (D:1)
  5 quokkas
  4 ball pythons
  3 bats
  A frilled lizard (D:2)
  6 goblins
  8 kobolds
  3 rats
48 creatures vanquished.

Vanquished Creatures (others)
  47 foxfires
  A plant (D:2)
48 creatures vanquished.

Grand Total: 96 creatures vanquished

Notes
Turn   | Place    | Note
-------+----------+-------------------------------------------
     0 | D:1      | javelincjr the Draconian Conjurer began the quest for the
                  | Orb.
     0 | D:1      | Reached XP level 1. HP: 14/14 MP: 3/3
   352 | D:1      | Reached XP level 2. HP: 20/20 MP: 0/5
   551 | D:1      | Learned a level 2 spell: Searing Ray
   807 | D:1      | Found a faded altar of an unknown god.
   834 | D:1      | Reached XP level 3. HP: 23/26 MP: 1/6
  1419 | D:2      | Learned a level 1 spell: Foxfire
  1680 | D:2      | Reached XP level 4. HP: 33/33 MP: 4/7
  1716 | D:2      | Reached skill level 5 in Conjurations
  2261 | D:3      | Succumbed to a kobold's poison

Illustrated notes

Levels and vault maps discovered:
D:1:      dpeg_arrival_houses_and_road, layout_basic, basic_ecumenical_altar,
          minmay_tromino_i4
D:2:      layout_basic, serial_forest, infiniplex_forest_lined_room_2,
          infiniplex_forest_end_3, infiniplex_forest_lined_corner,
          infiniplex_forest_lined_2, minmay_misc_feat_diagonals
D:3:      layout_rooms, led_sif_pool, dk_noncrumbling_2

Skill      XL: |  1  2  3  4 |
---------------+-------------+-----
Dodging        | 2 |  2.1
Stealth        | 2 |  2.1
Conjurations   | 5 |  5.1
Short Blades   | |  0.1
Spellcasting   | |  2.5

Action                   |  1- 3 |  4- 6 || total
-------------------------+-------+-------++-------
Melee: Unarmed           |     8 |       ||     8
       Dagger            |     4 |       ||     4
       Short sword       |    19 |    13 ||    32
       Tailslap          |       |     1 ||     1
 Cast: Magic Dart        |    59 |       ||    59
       Foxfire           |    11 |    18 ||    29
  Use: Potion            |       |     3 ||     3
Armor: Skin              |     7 |     8 ||    15
Dodge: Dodged            |    20 |    20 ||    40
